Construct Section Command Post
Selects Heavy Armor Battlegroup
Construct Platoon Command Post
Selects Light Vehicle Withdraw and Refit
Selects Engineer Detachments
Unlock M3 Stuart Light Tanks
Unlock Bishop Self-propelled Artillery
Selects Forward Repair Assembly
Bishop Self-propelled Artillery
Bishop Self-propelled Artillery
6-pounder Anti-tank Gun Team
Selects Light Vehicle Withdraw and Refit
Selects UNKNOWN (2162094)
Construct Company Command Post
Selects Designate Targets